 Dungeon Crawl Stone Soup version 0.17.0-28-g6e173f8 (webtiles) character file.

13521 PossumBlood the Blocker (level 11, -3/100 HPs)
             Began as a Minotaur Fighter on Nov 28, 2015.
             Was a High Priest of Okawaru.
             Slain by a hornet (10 damage)
             ... while paralysed by a hornet
             ... on level 13 of the Dungeon.
             The game lasted 00:42:38 (11089 turns).

PossumBlood the Blocker (Minotaur Fighter)         Turns: 11089, Time: 00:42:38

Health: -3/100     AC: 21    Str: 28    XL:     11   Next: 76%
Magic:  0/19       EV:  2    Int:  5    God:    Okawaru [*****.]
Gold:   691        SH:  0    Dex: 10    Spells: 1 memorised, 8 levels left

rFire  . . .     SeeInvis .     L - +7 falchion of Untruth {venom, Str+4}
rCold  . . .     Clarity  .     s - +0 plate armour
rNeg   . . .     SustAt   .     c - +0 shield
rPois  .         Gourm    .     (helmet restricted)
rElec  .         Spirit   +     Q - +2 cloak {MR+}
rCorr  .         Warding  .     n - +2 pair of gloves
rMut   .         Stasis   .     (no boots)
MR     ++...                    m - amulet of guardian spirit
Stlth  ..........               t - ring of magical power
                                x - ring of protection from magic

@: paralysed, lethally poisoned (-3 -> -67), slowed, very resistant to hostile
enchantments, extremely unstealthy
A: retaliatory headbutt, horns 2
a: Heroism, Finesse, Renounce Religion


You were on level 13 of the Dungeon.
You worshipped Okawaru.
Okawaru was extremely pleased with you.
You were not hungry.

You visited 1 branch of the dungeon, and saw 13 of its levels.
You also visited: Bailey.

You collected 757 gold pieces.
You spent 66 gold pieces at shops.

Inventory:

Hand Weapons
 G - a +4 scimitar of freezing
 I - the +6 quarterstaff "Rylim" {speed, Dex+3}
   (You found it on level 5 of the Dungeon)

   Attacks with this weapon are significantly faster.
   It affects your dexterity (+3).
 L - the +7 falchion of Untruth (weapon) {venom, Str+4}
   (You found it on level 6 of the Dungeon)

   It poisons the flesh of those it strikes.
   It affects your strength (+4).
 N - a +2 battleaxe of flaming
 Y - the +8 flail of Peskuy {elec, Dex+5}
   (You found it on level 9 of the Dungeon)

   Occasionally, upon striking a foe, it will discharge some electrical energy
   and cause terrible harm.
   It affects your dexterity (+5).
Missiles
 r - 69 tomahawks of returning (quivered)
Armour
 c - a +0 shield (worn)
 n - a +2 pair of gloves (worn)
 s - a +0 plate armour (worn)
 Q - a +2 cloak of magic resistance (worn)
Jewellery
 b - an uncursed ring of ice
 m - an amulet of guardian spirit (around neck)
 o - an uncursed ring of flight
 t - a ring of magical power (right hand)
 v - an uncursed amulet of clarity
 x - a ring of protection from magic (left hand)
 C - an uncursed amulet of warding
 D - an uncursed ring of protection from cold
 P - an uncursed amulet of rage
Wands
 a - a wand of magic darts (21)
 J - a wand of digging (10)
 K - a wand of flame (24)
 M - a wand of frost (13)
 R - a wand of polymorph (14)
Scrolls
 e - 4 scrolls of teleportation
 p - a scroll of enchant weapon
 A - a scroll of enchant armour
 B - 2 scrolls of remove curse
 V - 2 scrolls of identify
Potions
 d - 2 potions of might
 h - a potion of flight
 i - a potion of invisibility
 j - 10 potions of curing
 l - a potion of agility
 q - 2 potions of cancellation
 z - a potion of resistance
 E - 4 potions of magic
Miscellaneous
 H - a lamp of fire
Comestibles
 f - 3 bread rations
 u - 6 meat rations
 F - 5 beef jerkies


   Skills:
 + Level 10.2 Fighting
 * Level 11.0 Long Blades
 - Level 8.0 Axes
 + Level 10.6 Armour
 + Level 3.7 Dodging
 - Level 1.0 Stealth
 + Level 11.6 Shields
 + Level 0.8 Invocations


You had 8 spell levels left.
You knew the following spells:

 Your Spells              Type           Power        Failure   Level  Hunger
a - Cure Poison           Pois           #.........   100%        2    ###....


Dungeon Overview and Level Annotations

Branches:
Dungeon (13/15)            Temple (0/1) D:5            Lair (0/8) D:9
    Orc (0/4) D:11
 Vaults: D:13-14

Altars:
Cheibriados
Gozag
Makhleb
Nemelex Xobeh
Okawaru
Ru
Sif Muna
Vehumet
Xom
Zin

Shops:
D:5 !

Annotations:
D:13 Kirke


Innate Abilities, Weirdness & Mutations

You reflexively headbutt those who attack you in melee.
You have a pair of horns on your head.


Message History

You hear some strange, mumbled words.
Something tries to affect you, but you resist.
* * * LOW HITPOINT WARNING * * *
You feel very sick. The hog bites you but does no damage.
The hornet stings you!
* * * LOW HITPOINT WARNING * * *
You are more poisoned.
You feel as though you will be slow longer.
The hog bites you but does no damage. x2
The manticore bites the plant!
The plant is destroyed!
You hear some strange, mumbled words.
Something tries to affect you, but you resist.
The hog bites you but does no damage.
The hornet stings you but does no damage.
* * * LOW HITPOINT WARNING * * *
You feel very sick.
The hog bites you but does no damage. x2
The hornet stings you!
You die...

..# ......#
##....### ###
......####.##....#
..................
.P.......PP...PP..
P♣♣♣)..♣♣♣P..♣♣♣.
♣...♣ P..♣
..♣♣♣...♣♣♣..P♣
........H.......
......h@h........
..P...yh{.P.....P
[.♣♣♣...♣♣♣...♣ .P
♣..P♣ ..P♣ ♣...♣
.P♣ P...P ..
...... ...P...


You could see a manticore, a hornet and 3 hogs.

Vanquished Creatures
  The ghost of DeXoteric the Severer, a journeyman MiBe of Trog (D:12)
  2 tengu warriors (D:13)
  3 hill giants
  A komodo dragon (D:9)
  A troll (D:11)
  A spriggan (D:7)
  A shadow (D:8)
  Sigmund (D:5)
  A wraith (D:13)
  2 hungry ghosts (D:8)
  A hippogriff (D:11)
  A steam dragon (D:10)
  4 hogs (D:13)
  4 vampire mosquitoes (D:10)
  Menkaure (D:6)
  3 mottled dragons
  A water moccasin (D:11)
  7 ogres
  10 orc warriors
  2 black bears
  A swamp drake (D:11)
  An eye of draining (D:10)
  A necrophage (D:7)
  An ice beast (D:7)
  5 phantoms
  2 crocodiles (D:9)
  4 centaurs
  2 big kobolds
  3 giant frogs
  2 gnoll sergeants (D:10)
  2 scorpions (D:5)
  2 water moccasin skeletons
  The ghost of Olekman the Cudgeler, a weakling MiFi (D:3)
  12 killer bees
  2 wyvern skeletons (D:10)
  An electric eel (D:10)
  6 crimson imps
  A centaur zombie (D:8)
  10 orc priests
  9 orc wizards
  2 giant frog zombies
  6 hounds
  2 jellies (D:10)
  2 quasits (D:12)
  A centaur skeleton (D:9)
  Jessica (D:7)
  7 worker ants
  3 giant frog skeletons
  7 iguanas
  A hound zombie (D:9)
  2 hound skeletons
  27 gnolls
  8 adders
  2 shadow imps
  An ooze (D:4)
  2 worms
  63 orcs
  2 ball pythons (D:4)
  2 giant cockroaches
  8 goblins
  20 hobgoblins
  11 quokkas
  4 bats
  5 giant geckos
  A giant gecko skeleton (D:4)
  9 giant newts
  4 jackals
  32 kobolds
  A quokka skeleton (D:4)
  A quokka zombie (D:7)
  8 rats
361 creatures vanquished.

Vanquished Creatures (others)
  A plant (D:13)
1 creature vanquished.

Grand Total: 362 creatures vanquished

Notes
Turn   | Place    | Note
--------------------------------------------------------------
     0 | D:1      | PossumBlood the Minotaur Fighter began the quest for the Orb.
     0 | D:1      | Reached XP level 1. HP: 19/19 MP: 0/0
   623 | D:1      | Reached XP level 2. HP: 27/27 MP: 1/1
   699 | D:2      | Reached skill level 4 in Fighting
   948 | D:2      | Found an iron altar of Okawaru.
   953 | D:2      | Reached XP level 3. HP: 33/33 MP: 2/2
   971 | D:2      | Became a worshipper of Warmaster Okawaru
  1000 | D:2      | Found a burning altar of Makhleb.
  1003 | D:2      | Reached XP level 4. HP: 40/40 MP: 3/3
  1155 | D:2      | Found an opulent altar of Gozag.
  2006 | D:3      | Reached XP level 5. HP: 47/47 MP: 4/4
  2204 | D:3      | Noticed Olekman's ghost (weakling MiFi)
  2209 | D:3      | Killed Olekman's ghost
  2345 | D:4      | Noticed an ogre
  2356 | D:4      | Killed an ogre
  2356 | D:4      | Reached skill level 5 in Armour
  2356 | D:4      | Reached XP level 6. HP: 18/55 MP: 4/5
  2361 | D:4      | Reached * piety under Okawaru
  2361 | D:4      | Reached skill level 5 in Shields
  2605 | D:4      | Found a sparkling altar of Nemelex Xobeh.
  2611 | D:4      | Found a glowing silver altar of Zin.
  2612 | D:4      | Noticed an angel
  2613 | D:4      | Found a shimmering altar of Xom.
  2683 | D:4      | Noticed an ogre
  2697 | D:4      | Killed an ogre
  2697 | D:4      | Reached skill level 5 in Fighting
  2697 | D:4      | Reached skill level 1 in Dodging
  2977 | D:4      | Noticed a phantom
  2985 | D:4      | Killed a phantom
  2985 | D:4      | Reached skill level 5 in Axes
  2985 | D:4      | Reached skill level 1 in Stealth
  3100 | D:5      | Entered Level 5 of the Dungeon
  3110 | D:5      | Reached XP level 7. HP: 58/61 MP: 6/6
  3218 | D:5      | Found a staircase to the Ecumenical Temple.
  3224 | D:5      | Reached skill level 6 in Armour
  3378 | D:5      | Reached ** piety under Okawaru
  3403 | D:5      | Found a sacrificial altar of Ru.
  3455 | D:5      | Noticed Sigmund
  3465 | D:5      | Killed Sigmund
  3539 | D:5      | Found Seaniz's Distillery.
  3544 | D:5      | Bought a potion of curing for 33 gold pieces
  3544 | D:5      | Bought a potion of curing for 33 gold pieces
  3554 | D:5      | Got a slimy quarterstaff
  3879 | D:6      | Reached XP level 8. HP: 70/70 MP: 7/7
  3945 | D:6      | Noticed Menkaure
  3948 | D:6      | Killed Menkaure
  3948 | D:6      | Reached skill level 7 in Axes
  3998 | D:6      | Reached *** piety under Okawaru
  4001 | D:6      | Reached skill level 8 in Axes
  4002 | D:6      | Found a radiant altar of Vehumet.
  4216 | D:6      | Got a transparent falchion
  4217 | D:6      | Identified the +7 falchion of Untruth {venom, Str+4} (You found it on level 6 of the Dungeon)
  4318 | D:6      | Identified the +6 quarterstaff "Rylim" {speed, Dex+3} (You found it on level 5 of the Dungeon)
  4362 | D:7      | Reached skill level 1 in Long Blades
  4538 | D:7      | Reached XP level 9. HP: 78/78 MP: 8/8
  4646 | D:7      | Noticed Jessica
  4652 | D:7      | Killed Jessica
  4665 | D:7      | Found a deep blue altar of Sif Muna.
  4911 | D:7      | Reached **** piety under Okawaru
  5246 | D:8      | Reached skill level 5 in Long Blades
  5565 | D:8      | Found a sparkling altar of Nemelex Xobeh.
  5935 | D:9      | Got a faintly glowing flail
  5936 | D:9      | Identified the +8 flail of Peskuy {elec, Dex+5} (You found it on level 9 of the Dungeon)
  5948 | D:9      | Found a snail-covered altar of Cheibriados.
  6259 | D:9      | Got a heavily runed leather armour
  6260 | D:9      | Identified the cursed +1 leather armour of Nyquuf {rF+} (You found it on level 9 of the Dungeon)
  6334 | D:9      | Reached ***** piety under Okawaru
  6334 | D:9      | Reached XP level 10. HP: 88/90 MP: 9/9
  6336 | D:9      | Reached skill level 9 in Shields
  6563 | D:9      | Learned a level 2 spell: Cure Poison
  6569 | D:9      | Found a staircase to the Lair.
  6659 | D:9      | Noticed a komodo dragon
  6666 | D:9      | Killed a komodo dragon
  7185 | D:10     | Entered Level 10 of the Dungeon
  7357 | D:10     | Noticed a hill giant
  7367 | D:10     | Killed a hill giant
  7686 | D:10     | Found a flagged portal.
  7707 | Bailey   | Entered a bailey
  8273 | D:10     | Reached skill level 10 in Shields
  8284 | D:10     | Received a gift from Okawaru
  8754 | D:11     | Noticed a hill giant
  8770 | D:11     | Killed a hill giant
  8770 | D:11     | Reached XP level 11. HP: 51/97 MP: 8/10
  9293 | D:11     | Gained mutation: You have sharp toenails. [potion of mutation]
  9293 | D:11     | Gained mutation: You expend magic power (3 MP) to strengthen your wands. [potion of mutation]
  9293 | D:11     | Gained mutation: You can spit weak poison. [potion of mutation]
  9307 | D:11     | Lost mutation: You have sharp toenails. [potion of cure mutation]
  9307 | D:11     | Lost mutation: You can spit weak poison. [potion of cure mutation]
  9307 | D:11     | Lost mutation: You expend magic power (3 MP) to strengthen your wands. [potion of cure mutation]
  9349 | D:11     | Found a staircase to the Orcish Mines.
  9603 | D:12     | Reached skill level 10 in Armour
  9609 | D:12     | Reached skill level 10 in Long Blades
  9829 | D:12     | Noticed DeXoteric's ghost (journeyman MiBe)
  9849 | D:12     | HP: 4/99 [DeXoteric's ghost (2)]
  9859 | D:12     | Killed DeXoteric's ghost
 10162 | D:12     | Noticed a hill giant
 10169 | D:12     | Killed a hill giant
 10169 | D:12     | Reached skill level 11 in Shields
 10804 | D:13     | Reached skill level 10 in Fighting
 10815 | D:13     | Noticed a tengu warrior
 10820 | D:13     | Noticed a tengu warrior
 10840 | D:13     | Killed a tengu warrior
 10844 | D:13     | Killed a tengu warrior
 11067 | D:13     | Noticed Kirke
 11086 | D:13     | Paralysed by a hornet for 4 turns
 11089 | D:13     | Slain by a hornet

Action                   |  1- 3 |  4- 6 |  7- 9 | 10-12 || total
-------------------------+-------+-------+-------+-------++-------
Melee: War axe           |    54 |   136 |   104 |       ||   294
       Falchion          |       |       |   175 |   515 ||   690
Invok: Heroism           |       |       |       |     1 ||     1
       Finesse           |       |       |       |     1 ||     1
  Use: Scroll            |     4 |    12 |     7 |    13 ||    36
       Potion            |       |       |       |    20 ||    20
  Eat: Bread ration      |       |     1 |     4 |     2 ||     7
       Pizza             |       |     2 |       |     2 ||     4
       Royal jelly       |       |       |       |     1 ||     1
       Fruit             |       |       |       |     2 ||     2
